 Dungeon Crawl Stone Soup version 0.32-a0-953-g508020473e (webtiles) character file.

Game seed: 9688578659509052987

7672 Daunt the Skirmisher (level 11, -1/79 HPs)
             Began as a Coglin Earth Elementalist on Apr 16, 2024.
             Was a Believer of Ashenzari.
             Slain by a komodo dragon (24 damage)
             ... on level 1 of the Lair of Beasts on Apr 17, 2024.
             The game lasted 01:03:21 (13422 turns).

Daunt the Skirmisher (Coglin Earth Elementalist)   Turns: 13422, Time: 01:03:22

Health: -1/79      AC:  7    Str:  9    XL:     11   Next: 18%
Magic:  15/15      EV: 12    Int: 15    God:    Ashenzari [**....]
Gold:   701        SH:  0    Dex: 18    Spells: 11/15 levels left

rFire   . . .        s - +1 sling {Cynebald}
rCold   . . .        I - +0 sling of the Gnostic Fetters {Suthep, Sorc, Range} (curse)
rNeg    . . .        c - +0 troll leather armour
rPois   .            w - +0 helmet
rElec   .            j - +0 cloak
rCorr   .            q - +0 pair of gloves of the Chained Sky {Range, Comp} (curse)
SInv    +            (no boots)
Will    .....        (amulet unavailable)
Stlth   +++          (ring unavailable)
HPRegen 1.13/turn    (ring unavailable)
MPRegen 0.14/turn    (no gizmo)

%: no passive effects
@: revved
A: off-hand wielding, slow wielding, warmup strikes, no jewellery
a: Invent Gizmo, Renounce Religion, Curse Item, Shatter the Chains


You were on level 1 of the Lair of Beasts.
You worshipped Ashenzari.
Ashenzari was pleased with you.
You visited 2 branches of the dungeon, and saw 11 of its levels.

You collected 701 gold pieces.

Inventory:

Hand Weapons
 d - a +0 short sword {Paramjit}
 n - a +0 broad axe
 s - a +1 sling (weapon) {Cynebald}
 y - a +2 spear of venom {Latda}
 H - a +0 falchion
 I - the cursed +0 sling of the Gnostic Fetters (offhand) {Suthep, Sorc, Range}
   (You took it off a goblin on level 4 of the Dungeon)

   It has a curse which improves the following skills: Sorcery: Conjurations and
   Alchemy.
   Ranged Combat: Ranged Weapons and Throwing.
 K - the +2 trident of Makhleb's Fury {flame, rElec Stlth+}
   (You found it on level 5 of the Dungeon)

   rElec:     It insulates you from electricity.
   Stlth+:    It makes you more stealthy.
Missiles
 C - 20 poisoned darts
 F - 6 atropa-tipped darts
 L - a curare-tipped dart
Armour
 c - a +0 troll leather armour (worn)
 i - a +2 robe of cold resistance
 j - a +0 cloak (worn)
 q - the cursed +0 pair of gloves of the Chained Sky (worn) {Range, Comp}
   (You found it on level 4 of the Dungeon)

   It has a curse which improves the following skills: Ranged Combat: Ranged
   Weapons and Throwing.
   Companions: Summonings and Necromancy.
 r - +0 steam dragon scales
 w - a +0 helmet (worn)
 D - a +1 leather armour of positive energy
Wands
 v - a wand of warping (4)
 x - a wand of digging (3)
 E - a wand of charming (7)
 P - a wand of flame (13)
Scrolls
 e - 3 scrolls of fog
 g - a scroll of fear
 h - 2 scrolls of summoning
 m - 4 scrolls of vulnerability
 p - a scroll of immolation
 t - 2 scrolls of teleportation
 A - a scroll of poison
 B - a scroll of silence
 G - a scroll of enchant armour
 N - a scroll of torment
Potions
 a - 2 potions of mutation
 b - a potion of magic
 f - a potion of invisibility
 k - 2 potions of ambrosia
 l - 5 potions of curing
 o - 2 potions of might
 J - 2 potions of attraction
 M - 2 potions of lignification
 O - 3 potions of brilliance
Miscellaneous
 Q - a sack of spiders


   Skills:
 - Level 5.0 Fighting
 + Level 11.0(12.6) Ranged Weapons
 + Level 4.0 Armour
 + Level 4.5 Dodging
 - Level 5.0 Stealth
 - Level 2.7 Spellcasting
 - Level 1.8(2.7) Conjurations
 - Level 4.6 Earth Magic
 - Level 5.5 Evocations


You had 11 spell levels left.
You knew the following spells:

 Your Spells              Type           Power      Damage    Failure   Level
a - Sandblast             Erth           32%        2d9       4%          1
p - Passwall              Erth           16%        N/A       12%         3

Your spell library contained the following spells:

 Spells                   Type           Power      Damage    Failure   Level
 Magic Dart               Conj           40%        1d5       10%         1
 Stone Arrow              Conj/Erth      26%        3d8       19%         3
 Blink                    Tloc           4%         N/A       38%         2
 Call Imp                 Summ           4%         N/A       38%         2
 Brom's Barrelling Bould  Conj/Erth      13%        2d4       52%         4
 Volatile Blastmotes      Fire/Tloc      4%         2d10      63%         3
 Petrify                  Alch/Erth      9%         N/A       71%         4
 Vhi's Electric Charge    Tloc/Air       4%         N/A       95%         4
 Arcjolt                  Conj/Air       3%         1d13      99%         5
 Summon Forest            Summ/Tloc      1%         N/A       100%        5
 Summon Mana Viper        Hex/Summ       2%         N/A       100%        5
 Gell's Gavotte           Tloc           1%         2d(11-17) 100%        6
 Plasma Beam              Fire/Air       1%         2x1d11    100%        6
 Summon Cactus Giant      Summ           1%         N/A       100%        6


Dungeon Overview and Level Annotations

Branches:
Dungeon (10/15)            Temple (0/1) D:6            Lair (1/5) D:9
    Orc: D:9-12

Altars:
Ashenzari
Cheibriados
Uskayaw
Yredelemnul

Shops:
D:4 *

Annotations:
D:10 dig, Fannar


Innate Abilities, Weirdness & Mutations

You can wield a second weapon in your off-hand.
It takes a long time for you to wield or remove held weapons.
Your first few attacks do less damage.
You cannot equip rings or amulets.


Message History

You shoot a sling bullet.
The sling bullet closely misses the komodo dragon.
The sling bullet hits the iguana!
You kill the iguana!
Fire: s) +1 sling {Cynebald}
Press: ? - help, Q - select action, (/) - cycle Shift-Dir - straight line, f - komodo dragon
Aim: a komodo dragon (severely wounded, 74% to hit)
You shoot a sling bullet.
The sling bullet closely misses the komodo dragon.
The sling bullet hits the plant.
The plant begins to die.
The plant is lightly damaged.
You shoot a sling bullet.
The sling bullet hits the komodo dragon but does no damage.
The komodo dragon is severely wounded.
The komodo dragon bites you!
* * * LOW HITPOINT WARNING * * *
Fire: s) +1 sling {Cynebald}
Press: ? - help, Q - select action, (/) - cycle Shift-Dir - straight line, f/p - komodo dragon
Aim: a komodo dragon (severely wounded, 74% to hit)
You shoot a sling bullet.
The sling bullet barely misses the komodo dragon.
The sling bullet hits the plant!
The plant is lightly damaged.
You shoot a sling bullet.
The sling bullet barely misses the komodo dragon.
The sling bullet hits the plant!
The plant is lightly damaged.
The komodo dragon closely misses you.
Fire: s) +1 sling {Cynebald}
Press: ? - help, Q - select action, (/) - cycle Shift-Dir - straight line, f/p - komodo dragon
Aim: a komodo dragon (severely wounded, 74% to hit)
You shoot a sling bullet.
The sling bullet hits the komodo dragon.
The komodo dragon is almost dead.
You shoot a sling bullet.
The sling bullet closely misses the komodo dragon.
The sling bullet hits the plant.
The plant is lightly damaged.
The komodo dragon bites you!!
You die...

##...[.#........
##...###..##.#### #
.....# ##.# ## .#
...<####..#########.###
...## #P...............
..## ##.....†..........
..# #...#......P......
######...#####...#### #
##....## ####@#
###.....#####..l##
#.....####......#
#.....# ##......+...
....#####...........♣
...P.###....#.#......
....###....######...#
.....#...P.# #....
.....?##.P## ####


You could see a komodo dragon.

Vanquished Creatures
  Pikel (D:6)
  A cane toad (Lair:1)
  A komodo dragon (D:9)
  An unseen horror (D:10)
  2 trolls
  A shadow (D:9)
  4 humans (D:9)
  4 yaks (D:10)
  2 vampire mosquitoes (D:8)
  Menkaure (D:7)
  2 steam dragons
  5 water moccasins
  3 orc warriors
  An ice beast (D:5)
  A black bear (D:6)
  An ogre (D:5)
  4 sky beasts
  3 lemures
  4 centaurs
  A phantom (D:6)
  2 kobold brigands (D:8)
  3 bullfrogs
  A gnoll sergeant (D:9)
  9 scorpions
  5 killer bees (D:9)
  A howler monkey (D:6)
  4 bombardier beetles
  A jelly (D:6)
  A gnoll bouda (D:3)
  2 orc priests
  6 hounds
  2 iguanas
  A sleepcap (D:7)
  9 orc wizards
  Robin (D:3)
  9 adders
  14 gnolls
  2 white imps (D:6)
  3 ufetubi
  2 dart slugs
  A ribbon worm (D:2)
  28 orcs
  6 bats
  5 endoplasms
  5 giant cockroaches
  20 goblins
  9 hobgoblins
  20 kobolds
  2 quokkas
  2 ball pythons
  2 frilled lizards
  3 rats
224 creatures vanquished.

Vanquished Creatures (others)
  A vampire mosquito (D:9)
  An orc (D:6)
2 creatures vanquished.

Grand Total: 226 creatures vanquished

Notes
Turn   | Place    | Note
-------+----------+-------------------------------------------
     0 | D:1      | Daunt the Coglin Earth Elementalist began the quest for the
                  | Orb.
     0 | D:1      | Reached XP level 1. HP: 13/13 MP: 3/3
    23 | D:1      | Reached skill level 1 in Conjurations
   161 | D:1      | Reached XP level 2. HP: 19/19 MP: 1/4
   905 | D:2      | Reached XP level 3. HP: 24/24 MP: 3/5
  1342 | D:2      | Reached XP level 4. HP: 30/30 MP: 4/6
  1554 | D:2      | Found a faded altar of an unknown god.
  1757 | D:3      | Noticed Robin
  1901 | D:3      | Killed Robin
  2288 | D:3      | Reached XP level 5. HP: 35/35 MP: 4/7
  2892 | D:4      | Reached skill level 1 in Fighting
  3068 | D:4      | Reached XP level 6. HP: 43/43 MP: 4/9
  3173 | D:4      | Found a basalt altar of Yredelemnul.
  3529 | D:4      | Found Meijyree's Assorted Antiques.
  3891 | D:4      | Found a broken altar of Ashenzari.
  4043 | D:4      | Found a hide-covered altar of Uskayaw.
  4043 | D:4      | Found a snail-covered altar of Cheibriados.
  4057 | D:4      | Became a worshipper of Ashenzari the Shackled
  4072 | D:5      | Entered Level 5 of the Dungeon
  4161 | D:5      | Reached skill level 1 in Ranged Weapons
  4165 | D:5      | Reached skill level 2 in Ranged Weapons
  4165 | D:5      | Reached XP level 7. HP: 50/51 MP: 7/11
  4238 | D:5      | Reached skill level 3 in Ranged Weapons
  4485 | D:5      | Reached skill level 4 in Ranged Weapons
  4610 | D:5      | Learned a level 3 spell: Passwall
  4994 | D:5      | Identified the +2 trident of Makhleb's Fury {flame, rElec
                  | Stlth+}
  5128 | D:6      | Reached * piety under Ashenzari
  5128 | D:6      | Reached ** piety under Ashenzari
  5155 | D:6      | Reached XP level 8. HP: 57/57 MP: 10/12
  5180 | D:6      | Reached skill level 5 in Ranged Weapons
  5223 | D:6      | Found a staircase to the Ecumenical Temple.
  5290 | D:6      | Reached skill level 6 in Ranged Weapons
  5533 | D:6      | Noticed a troll
  5535 | D:6      | Noticed a manticore
  6135 | D:6      | Noticed Pikel
  6570 | D:5      | Reached skill level 7 in Ranged Weapons
  6853 | D:6      | Reached XP level 9. HP: 30/62 MP: 7/13
  6968 | D:6      | Reached skill level 8 in Ranged Weapons
  7476 | D:7      | Reached skill level 9 in Ranged Weapons
  7856 | D:7      | Noticed Menkaure
  8421 | D:7      | Killed Menkaure
  8422 | D:7      | Reached skill level 10 in Ranged Weapons
  8590 | D:8      | Identified the +5 short sword "Laepnasi" {freeze, *Slow
                  | rCorr Str+3 Stlth+}
  8848 | D:8      | Reached skill level 1 in Armour
  9043 | D:8      | Reached XP level 10. HP: 67/70 MP: 14/14
 10805 | D:9      | Found a staircase to the Lair.
 11630 | D:10     | Entered Level 10 of the Dungeon
 11858 | D:10     | Noticed a gargoyle
 12207 | Lair:1   | Entered Level 1 of the Lair of Beasts
 12238 | Lair:1   | Noticed a cane toad
 12330 | D:8      | Reached skill level 5 in Evocations
 12712 | D:6      | Reached XP level 11. HP: 78/78 MP: 15/15
 12774 | D:6      | Killed Pikel
 13054 | D:10     | Reached skill level 5 in Fighting
 13206 | D:10     | Noticed Fannar
 13324 | Lair:1   | Reached skill level 5 in Stealth
 13384 | Lair:1   | Reached skill level 11 in Ranged Weapons
 13422 | Lair:1   | Slain by a komodo dragon

Illustrated notes

Levels and vault maps discovered:
D:1:      dpeg_arrival_line_fractal, layout_basic
D:2:      layout_loops_cross, hellmonk_ecumenical_altar_run_dry
D:3:      layout_basic, uniq_robin
D:4:      layout_rooms, minitemple, general_overflow_altar, serial_shops,
          nicolae_take_the_stairs, chequers_serial_rivers_micro_c,
          minmay_pentangle
D:5:      layout_gridville, minivault_5
D:6:      wad_guarded_room, layout_loops_ring, uniq_pikel
D:7:      layout_loops_ring, uniq_menkaure
D:8:      mumra_celtic_spiral_tile, layout_loops_ring, st_stairs_8
D:9:      layout_loops_ring, david_lair_shrubbed, minmay_ruffians
D:10:     nzn_winding_woodlands_small [nzn_winding_woodlands_5x15_eye,
          nzn_winding_woodlands_center_pierced_h,
          nzn_winding_woodlands_5x15_lazy_stream], layout_gridville,
          due_unseen_surprise, uniq_fannar
Lair:1:   layout_concentric_octagons, beast_lair_carwin_7, grunt_megastairs_1,
          uniq_urug

Skill      XL: |  1  2  3  4  5  6  7  8  9 10 11 |
---------------+----------------------------------+-----
Conjurations   | 1 |  1.8
Earth Magic    | 3 4 |  4.6
Stealth        | 2 3 4 5 |  5.0
Spellcasting   | 2 |  2.7
Fighting       | 1 2 3 4 5 |  5.0
Ranged Weapons | 2 4 7 10 11 | 11.0
Evocations     | 2 3 5 |  5.5
Dodging        | 2 4 |  4.5
Armour         | 1 3 4 |  4.0

Action                     |  1- 3 |  4- 6 |  7- 9 | 10-12 || total
---------------------------+-------+-------+-------+-------++-------
  Melee: Short sword       |    18 |    45 |    50 |       ||   113
         Spear             |       |    36 |    28 |       ||    64
         Trident           |       |       |    28 |       ||    28
   Fire: Sling             |       |       |   544 |   828 ||  1372
  Throw: Stone             |     1 |       |       |       ||     1
   Cast: Sandblast         |    40 |    88 |    79 |       ||   207
 Invoke: Curse Item        |       |       |     3 |       ||     3
         Shatter the Chain |       |       |     1 |       ||     1
  Evoke: Wand              |       |       |       |     3 ||     3
    Use: Scroll            |       |     6 |     3 |     3 ||    12
         Potion            |       |     2 |     1 |     2 ||     5
   Stab: Sleeping          |       |       |     1 |       ||     1
 Armour: Robe              |    11 |    22 |       |       ||    33
         Leather armour    |       |    39 |   222 |       ||   261
         Steam dragon scal |       |       |     3 |   128 ||   131
         Troll leather arm |       |       |       |    39 ||    39
  Dodge: Dodged            |     7 |    44 |   127 |   124 ||   302

Table legend: (Time is in decaauts)
 A = Elapsed time spent in this place.
 B = Non-inter-level travel time spent in this place.
 C = Inter-level travel time spent in this place.
 D = Time resting spent in this place.
 E = Time spent auto-exploring this place.
 F = Levels seen in this place.
 G = Mean time per level.
                   A        B        C        D        E       F      G
               +--------+--------+--------+--------+--------+-----+--------+
         Total |  13498 |  12167 |   1331 |   1939 |   6802 |  11 | 1227.1 |
       Dungeon |  13345 |  12017 |   1328 |   1928 |   6802 |  10 | 1334.5 |
          Lair |    152 |    150 |      2 |     11 |      0 |   1 |  152.0 |
               +--------+--------+--------+--------+--------+-----+--------+

Top non-repeatable levels by time:
     D:5: 2140 daAuts
     D:8: 2110 daAuts
     D:9: 1975 daAuts
     D:6: 1602 daAuts
     D:4: 1311 daAuts
     D:3: 1205 daAuts
     D:7: 1003 daAuts
     D:2: 889 daAuts
     D:1: 742 daAuts
    D:10: 365 daAuts
  Lair:1: 152 daAuts
